 Dungeon Crawl Stone Soup version 0.29.1-15-g9cfb28693d (webtiles) character file.

Game seed: 5258311285440238147

1444 javelincjr the Magician (level 8, 0/55 HPs)
             Began as a Demonspawn Hedge Wizard on Mar 30, 2023.
             Was a Priest of Sif Muna.
             Slain by a sky beast (6 damage)
             ... on level 6 of the Dungeon on Mar 31, 2023.
             The game lasted 00:25:42 (6841 turns).

javelincjr the Magician (Demonspawn Hedge Wizard)   Turns: 6841, Time: 00:25:43

Health: 0/55       AC:  7    Str: 13    XL:     8   Next: 46%
Magic:  9/15       EV: 17    Int: 15    God:    Sif Muna [***...]
Gold:   329        SH:  0    Dex: 13    Spells: 11/16 levels left

rFire   . . .      SeeInvis .   E - +4 quarterstaff (chaos)
rCold   + . .      Faith    .   (shield currently unavailable)
rNeg    . . .      Spirit   .   p - +2 robe {rC+}
rPois   .          Reflect  .   c - +0 hat
rElec   .          Harm     .   F - +2 cloak
rCorr   .          Rampage  .   (no gloves)
Will    .....                   (no boots)
Stlth   ++........              (no amulet)
HPRegen 0.18/turn               k - +4 ring of evasion
MPRegen 0.14/turn               o - ring of flight

@: flying
A: demonic guardian 1, demonic magic 1
a: Renounce Religion, Channel Magic, Forget Spell


You were on level 6 of the Dungeon.
You worshipped Sif Muna.
Sif Muna was most pleased with you.
You visited 2 branches of the dungeon, and saw 7 of its levels.

You collected 329 gold pieces.

Inventory:

Hand Weapons
 m - a +0 dagger of venom
 E - a +4 quarterstaff of chaos (weapon)
Missiles
 e - 13 poisoned darts
 q - 4 datura-tipped darts
 z - 5 atropa-tipped darts
Armour
 a - a +0 tower shield
 c - a +0 hat (worn)
 p - a +2 robe of cold resistance (worn)
 F - a +2 cloak (worn)
Jewellery
 k - a +4 ring of evasion (left hand)
 o - a ring of flight (right hand)
 D - a ring of fire
Scrolls
 h - 2 scrolls of vulnerability
 i - 2 scrolls of amnesia
 l - 3 scrolls of teleportation
 s - a scroll of magic mapping
 x - 2 scrolls of silence {unknown}
 y - 2 scrolls of blinking {unknown}
 B - 3 scrolls of enchant weapon {unknown}
Potions
 d - a potion of magic
 g - 5 potions of curing
 j - a potion of cancellation
 n - a potion of lignification {unknown}
 r - 3 potions of flight
 v - a potion of heal wounds {unknown}
 A - a potion of might
 C - a potion of attraction {unknown}


   Skills:
 * Level 1.6 Fighting
 + Level 0.9 Armour
 + Level 4.1 Dodging
 - Level 4.1 Stealth
 + Level 0.7 Shields
 * Level 4.9 Spellcasting
 + Level 4.1 Conjurations
 + Level 4.1 Summonings
 + Level 3.5 Translocations
 + Level 1.4 Invocations


You had 11 spell levels left.
You knew the following spells:

 Your Spells              Type           Power      Damage    Failure   Level
a - Magic Dart            Conj           64%        1d6       3%          1
b - Call Imp              Summ           16%        N/A       4%          2
c - Blink                 Tloc           28%        N/A       6%          2

Your spell library contained the following spells:

 Spells                   Type           Power      Damage    Failure   Level
 Freeze                   Ice            12%        1d4       17%         1
 Slow                     Hex            12%        N/A       17%         1
 Conjure Flame            Conj/Fire      9%         6-21      22%         3
 Mephitic Cloud           Conj/Pois/Air  7%         N/A       28%         3
 Frozen Ramparts          Ice            6%         1d1       45%         3
 Hailstorm                Conj/Ice       9%         3d4       56%         4


Dungeon Overview and Level Annotations

Branches:
Dungeon (6/15)             Temple (1/1) D:6

Altars:
Cheibriados
Dithmenos
Fedhas
Gozag
Hepliaklqana
Kikubaaqudgha
Makhleb
Qazlal
Ru
Sif Muna
Trog
Uskayaw
Vehumet
Wu Jian

Shops:
D:1 !

Annotations:
D:6 3 runed translucent doors, Seidenschwarz's ghost, novice MiFi


Innate Abilities, Weirdness & Mutations

A weak demonic guardian rushes to your aid.
Spells you cast may paralyse adjacent enemies.


Message History

Casting: Magic Dart (safe; 3% risk of failure)
Confirm with . or Enter, or press ? or * to list all spells.
Aiming: Magic Dart (safe; 3% risk of failure)
Press: ? - help, Shift-Dir - straight line, f/p - sky beast
Aim: a sky beast (lightly wounded, 100% to hit)
The magic dart hits the sky beast.
The sky beast is moderately wounded.
Malevolent energies surge around you.
The sky beast flickers out of sight!
Deactivating autopickup; reactivate with Ctrl-A.
Something hits you but does no damage.
Items here: )) [[ ††.
You miss something. Something hits you. Something shocks you.
A demonic guardian appears!
You barely miss something.
A sky beast appears from thin air!
Reactivating autopickup.
The sky beast hits you but does no damage.
You swap places.
The sky beast hits your white imp. The sky beast shocks your white imp.
Your white imp barely misses the sky beast.
The sky beast barely misses your white imp.
Your white imp misses the sky beast.
The sky beast closely misses your white imp.
Your white imp barely misses the sky beast.
The sky beast flickers out of sight!
Deactivating autopickup; reactivate with Ctrl-A.
Something hits your white imp.
Your white imp dies!
Your white imp disappears in a puff of smoke!
Something hits you. Something shocks you.
An iguana comes into view.
Items here: )) [[ ††.
The iguana hisses angrily.
You hit something. Something barely misses you. Something hits you.
Something shocks you.
You miss something. Something hits you. Something shocks you.
* * * LOW HITPOINT WARNING * * *
Something hits you.
* * * LOW HITPOINT WARNING * * *
A demonic guardian appears!
Something shocks you.
You die...

.o.... #.# <...#
###########.# ...
.......<....# #l#
#########.### #)#
#.## #)#
#######..## #.#
#.......... #5#
#8......... #@#
##########+++#
#{###.###..ooooooo
#~##...##..oo#####
#~......#.###.....
####...##.#8#..8..
##..##.........
######.>##
#.......Y## ####
#.##......####
#.#.


You could see an iguana (ally target) and a friendly white imp (summoned,
wandering).

Vanquished Creatures
  Sigmund (D:3)
  A water moccasin (D:6)
  A sky beast (D:5)
  An ice beast (D:5)
  A centaur (D:6)
  A necrophage (D:5)
  A gnoll sergeant (D:4)
  4 scorpions
  A howler monkey (D:6)
  A jelly (D:5)
  An orc priest (D:6)
  Crazy Yiuf (D:5)
  2 iguanas
  4 orc wizards
  8 gnolls
  10 adders
  A white imp (D:6)
  A worm (D:4)
  2 dart slugs (D:3)
  11 orcs
  7 ball pythons
  3 endoplasms (D:4)
  4 giant cockroaches
  8 goblins
  8 hobgoblins
  4 quokkas
  5 bats (D:1)
  3 frilled lizards
  15 kobolds
  4 rats
115 creatures vanquished.

Vanquished Creatures (collateral kills)
  An orc (D:5)
1 creature vanquished.

Vanquished Creatures (others)
  2 fungi (D:1)
  6 plants (D:4)
8 creatures vanquished.

Grand Total: 124 creatures vanquished

Notes
Turn   | Place    | Note
-------+----------+-------------------------------------------
     0 | D:1      | javelincjr the Demonspawn Hedge Wizard began the quest for
                  | the Orb.
     0 | D:1      | Reached XP level 1. HP: 13/13 MP: 4/4
   350 | D:1      | Reached skill level 1 in Translocations
   527 | D:1      | Gained mutation: Spells you cast may paralyse adjacent
                  | enemies. [demonic ancestry]
   527 | D:1      | Reached XP level 2. HP: 19/19 MP: 3/6
   568 | D:1      | Found a faded altar of an unknown god.
   706 | D:1      | Found Badd's Distillery.
  1458 | D:1      | Reached XP level 3. HP: 24/24 MP: 3/7
  1792 | D:1      | Prayed at the altar of an unknown god.
  1792 | D:1      | Became a worshipper of Sif Muna the Loreminder
  1792 | D:1      | Reached * piety under Sif Muna
  2358 | D:2      | HP: 1/24 [gnoll/+0 spear (8)]
  2362 | D:2      | Reached XP level 4. HP: 1/30 MP: 3/9
  3623 | D:3      | Noticed Sigmund
  3633 | D:3      | Killed Sigmund
  3634 | D:3      | Gained mutation: A weak demonic guardian rushes to your
                  | aid. [demonic ancestry]
  3634 | D:3      | Reached XP level 5. HP: 25/35 MP: 6/10
  3634 | D:3      | Reached XP level 6. HP: 29/41 MP: 6/11
  4032 | D:4      | Reached ** piety under Sif Muna
  4199 | D:4      | Reached XP level 7. HP: 13/46 MP: 1/13
  5066 | D:5      | Entered Level 5 of the Dungeon
  5377 | D:5      | Found a stormy altar of Qazlal.
  5397 | D:5      | Found a hazy altar of Hepliaklqana.
  5479 | D:5      | Learned a level 2 spell: Call Imp
  5482 | D:5      | Learned a level 2 spell: Blink
  5796 | D:5      | Found a runed translucent door.
  5797 | D:5      | Noticed Crazy Yiuf
  6044 | D:5      | Killed Crazy Yiuf
  6045 | D:5      | Reached XP level 8. HP: 29/52 MP: 8/14
  6244 | D:6      | Found a runed translucent gate.
  6244 | D:6      | Found a runed translucent gate.
  6244 | D:6      | Found a runed translucent gate.
  6247 | D:6      | Noticed Seidenschwarz's ghost (novice MiFi)
  6456 | D:6      | Found a staircase to the Ecumenical Temple.
  6474 | D:6      | Found a snail-covered altar of Cheibriados.
  6493 | Temple   | Entered the Ecumenical Temple
  6690 | D:6      | Reached skill level 1 in Fighting
  6698 | D:6      | Reached skill level 1 in Invocations
  6830 | D:6      | Reached *** piety under Sif Muna
  6841 | D:6      | Slain by a sky beast

Illustrated notes

Levels and vault maps discovered:
D:1:      lemuel_arrival_muddy, layout_basic,
          shapermc_ecumenical_altar_totnotflames, serial_shops, shop_fountains,
          hangedman_glass_teeth
D:2:      layout_loops_ring
D:3:      layout_rooms, grunt_ministairs_2, uniq_sigmund
D:4:      layout_gridville, marbit_many_paths, kennysheep_pointless_box,
          nicolae_grassy_gnolls
D:5:      layout_rooms, nicolae_qazlal_general_emergency,
          mainiacjoe_overflow_brackets, overflow_temple_1_default,
          uniq_crazy_yiuf_cottage
D:6:      layout_loops_ring, kennysheep_mini, mainiacjoe_overflow_paths,
          minmay_temple_entry_waves, biasface_ghost_orc_armoury,
          hangedman_decor_lopped
Temple:   minmay_freezing_vapour_temple

Skill      XL: |  1  2  3  4  5  6  7  8 |
---------------+-------------------------+-----
Translocations | 1 2 3 |  3.5
Stealth        | 2 3 4 |  4.1
Dodging        | 2 3 4 |  4.1
Conjurations   | 2 3 4 |  4.1
Summonings     | 2 3 4 |  4.1
Spellcasting   | 4 |  4.9
Fighting       | 1 |  1.6
Invocations    | 1 |  1.4
Armour         | |  0.9
Shields        | |  0.7

Action                   |  1- 3 |  4- 6 |  7- 9 || total
-------------------------+-------+-------+-------++-------
Melee: Dagger            |    37 |    41 |    36 ||   114
       Punch             |     1 |     2 |       ||     3
       Quarterstaff      |       |       |    33 ||    33
 Cast: Magic Dart        |    79 |    91 |   101 ||   271
  Use: Scroll            |       |     8 |     1 ||     9
       Potion            |       |       |     1 ||     1
 Stab: Paralysed         |    12 |    24 |    29 ||    65
       Sleeping          |     2 |     2 |     4 ||     8
Armor: Robe              |     6 |     3 |    18 ||    27
Dodge: Dodged            |    26 |    31 |    69 ||   126
